 Dungeon Sprint DCSS version 0.30-a0-459-g9104f0fc43 (webtiles) character file.

Game seed: 12905470006708844962

180290 jt the Portalist (level 24, 90/109 HPs)
             Began as a Felid Summoner on Dec 15, 2022.
             Was an Initiate of Gozag.
             Escaped with the Orb!
             The game lasted 01:38:06 (4747 turns).

jt the Portalist (Felid Summoner)                   Turns: 4747, Time: 01:38:07

Health: 90/109     AC: 17    Str:  7    XL:     24   Next: 26%
Magic:  16/50      EV: 42    Int: 17    God:    Gozag
Gold:   11541      SH:  0    Dex: 21    Spells: 17/68 levels left
                                        Lives:  1   Deaths: 1

rFire   + + +      SeeInvis +      - Unarmed
rCold   + . .      Faith    .    (shield unavailable)
rNeg    . . .      Spirit   .    (body armour unavailable)
rPois   ∞          Reflect  .    (helmet unavailable)
rElec   +          Harm     .    (cloak unavailable)
rCorr   .          Rampage  .    (gloves unavailable)
Will    +++..      NoTele   +    (boots unavailable)
Stlth   ++........               q - amulet of Adej {RegenMP rF++ Int-5 Dex+3}
HPRegen 0.38/turn                k - ring "Rilum" {EV+4 Str+4}
MPRegen 0.72/turn                l - ring of Vyigonaa {+Blink rF+ rC+ EV+4 Str-3}

@: mighty, storm-form, gold aura, flying, hasted, studying Evocations, very
quick
A: cleaving, insubstantial, flying, very small, (claws 1), (fangs 3), see
invisible, (speed 1), (shaggy fur 3), (stealthy paws), no weapons or thrown
items, no armour, multi-lived, dopey 1
0: Orb of Zot
}: 5/15 runes: serpentine, slimy, silver, gossamer, mossy
a: Blinkbolt, End Transformation, Renounce Religion, Evoke Blink, Potion
Petition, Call Merchant, Bribe Branch


You escaped.
You worshipped Gozag.
Gozag was extremely pleased with you.
You were a lightning-filled tempest!
You visited 1 branch You collected 32060 gold pieces.
You spent 15586 gold pieces at shops.
You paid 4933 gold pieces to Gozag.

Inventory:

Jewellery
 h - a ring of resist corrosion
 k - the ring "Rilum" (left paw) {EV+4 Str+4}
   (You bought it in a shop in the Dungeon)

   [ring of evasion]

   EV:        It affects your evasion (+4).
   Str:       It affects your strength (+4).
 l - the ring of Vyigonaa (right paw) {+Blink rF+ rC+ EV+4 Str-3}
   (You bought it in a shop in the Dungeon)

   [ring of evasion]

   EV:        It affects your evasion (+4).
   Str:       It affects your strength (-3).
   rF:        It protects you from fire.
   rC:        It protects you from cold.
   +Blink:    It lets you blink.
 m - the amulet of Levity {rElec Regen+ Stlth+}
   (You bought it in a shop in the Dungeon)

   [amulet of regeneration]

   rElec:     It insulates you from electricity.
   Regen:     It increases your rate of health regeneration.
   Stlth:     It makes you more stealthy.
 o - the ring of Idealism {rN+ Dex+4}
   (You bought it in a shop in the Dungeon)

   [ring of positive energy]

   Dex:       It affects your dexterity (+4).
   rN:        It protects you from negative energy.
 q - the amulet of Adej (around neck) {RegenMP rF++ Int-5 Dex+3}
   (You bought it in a shop in the Dungeon)

   [amulet of magic regeneration]

   It increases your rate of magic regeneration.
   Int:       It affects your intelligence (-5).
   Dex:       It affects your dexterity (+3).
   rF:        It greatly protects you from fire.
 r - the amulet of Fufag {rN+ Regen+ Slay+2}
   (You bought it in a shop in the Dungeon)

   [amulet of regeneration]

   Slay:      It affects your accuracy & damage with ranged weapons and melee
   (+2).
   rN:        It protects you from negative energy.
   Regen:     It increases your rate of health regeneration.
 s - the amulet of Baisam {Reflect rElec rPois Str-5 SH+5 Stlth+}
   (You bought it in a shop in the Dungeon)

   [amulet of reflection]

   It reflects blocked missile attacks.
   Str:       It affects your strength (-5).
   rElec:     It insulates you from electricity.
   rPois:     It protects you from poison.
   SH:        It affects your SH (+5).
   Stlth:     It makes you more stealthy.
 u - the ring "Uciyppur" {Fly rElec rCorr EV+4 Str-5 Slay-2}
   (You bought it in a shop in the Dungeon)

   [ring of evasion]

   EV:        It affects your evasion (+4).
   Str:       It affects your strength (-5).
   Slay:      It affects your accuracy & damage with ranged weapons and melee
   (-2).
   rElec:     It insulates you from electricity.
   Fly:       It grants you flight.
   rCorr:     It protects you from acid and corrosion.
 v - the ring of Tipel {rF+ rCorr Int+2}
   (You bought it in a shop in the Dungeon)

   [ring of protection from fire]

   Int:       It affects your intelligence (+2).
   rF:        It protects you from fire.
   rCorr:     It protects you from acid and corrosion.
 w - the ring of the Fool {+Blink rElec Int-3 SInv}
   (You bought it in a shop in the Dungeon)

   [ring of see invisible]

   Int:       It affects your intelligence (-3).
   rElec:     It insulates you from electricity.
   SInv:      It lets you see invisible.
   +Blink:    It lets you blink.
 x - the ring "Kusinto Unul" {+Blink Fly rN+ EV+4 Str-3}
   (You bought it in a shop in the Dungeon)

   [ring of evasion]

   EV:        It affects your evasion (+4).
   Str:       It affects your strength (-3).
   rN:        It protects you from negative energy.
   Fly:       It grants you flight.
   +Blink:    It lets you blink.
 y - the ring of Dyschox {+Blink Fly rCorr Dex+4}
   (You bought it in a shop in the Dungeon)

   [ring of resist corrosion]

   Dex:       It affects your dexterity (+4).
   Fly:       It grants you flight.
   +Blink:    It lets you blink.
   rCorr:     It protects you from acid and corrosion.
 z - the ring of False Hope {Will+ rCorr SInv}
   (You bought it in a shop in the Dungeon)

   [ring of resist corrosion]

   SInv:      It lets you see invisible.
   rCorr:     It protects you from acid and corrosion.
   Will:      It increases your willpower.
 A - the ring of Vomnot {rF+ Str+5}
   (You bought it in a shop in the Dungeon)

   [ring of protection from fire]

   Str:       It affects your strength (+5).
   rF:        It protects you from fire.
 B - the ring "Satwith" {rPois rC- Str+6 Int+4 Dex+3}
   (You bought it in a shop in the Dungeon)

   [ring of strength]

   Str:       It affects your strength (+6).
   Int:       It affects your intelligence (+4).
   Dex:       It affects your dexterity (+3).
   rC:        It makes you vulnerable to cold.
   rPois:     It protects you from poison.
 C - the ring of Pride {rF+ Dex+5}
   (You bought it in a shop in the Dungeon)

   [ring of protection from fire]

   Dex:       It affects your dexterity (+5).
   rF:        It protects you from fire.
 D - the ring of Ototav {Fire Dex+6}
   (You bought it in a shop in the Dungeon)

   [ring of fire]

   It enhances your fire magic.
   Dex:       It affects your dexterity (+6).
   rF:        It protects you from fire.
   rC:        It makes you vulnerable to cold.
 M - the ring "Zoyfu" {Str+2 Dex+3 Slay+4}
   (You bought it in a shop in the Dungeon)

   [ring of slaying]

   Str:       It affects your strength (+2).
   Dex:       It affects your dexterity (+3).
   Slay:      It affects your accuracy & damage with ranged weapons and melee
   (+4).
Wands
 t - a wand of digging (3)
 L - a wand of quicksilver (1)
 N - a wand of polymorph (4)
Scrolls
 f - 6 scrolls of blinking
 i - 2 scrolls of fog
 F - a scroll of poison
 J - 6 scrolls of amnesia
 K - a scroll of fear
 R - 2 scrolls of vulnerability
Potions
 a - 5 potions of magic
 b - 5 potions of curing
 c - 15 potions of heal wounds
 d - 6 potions of haste
 e - 3 potions of berserk rage
 g - a potion of flight
 j - 7 potions of resistance
 n - a potion of lignification
 p - 2 potions of might
 G - 6 potions of brilliance
 H - 2 potions of mutation
 I - 6 potions of attraction
Miscellaneous
 O - the horn of Geryon
 P - a quad damage
 Q - a phantom mirror


   Skills:
 + Level 13.5 Fighting
 - Level 11.3 Dodging
 - Level 14.3 Stealth
 + Level 16.8 Unarmed Combat
 + Level 22.6 Spellcasting
 - Level 9.1 Hexes
 + Level 21.2 Summonings
 - Level 1.3 Necromancy
 + Level 24.3 Translocations
 + Level 22.2 Transmutations
 + Level 20.3 Air Magic
 + Level 15.4 Evocations


You had 17 spell levels left.
You knew the following spells:

 Your Spells              Type           Power      Damage    Failure   Level
a - Manifold Assault      Tloc           80%        N/A       0%          4
b - Monstrous Menagerie   Summ           37%        N/A       1%          7
c - Dispersal             Tloc           40%        N/A       0%          6
d - Passage of Golubria   Tloc           80%        N/A       0%          4
f - Summon Mana Viper     Hex/Summ       63%        N/A       1%          5
g - Summon Forest         Summ/Tloc      38%        N/A       0%          5
h - Summon Cactus Giant   Summ           37%        N/A       1%          6
i - Storm Form            Tmut/Air       37%        N/A       1%          7
j - Malign Gateway        Summ/Tloc      38%        N/A       1%          7

Your spell library contained the following spells:

 Spells                   Type           Power      Damage    Failure   Level
 Beastly Appendage        Tmut           100%       N/A       0%          1
 Summon Small Mammal      Summ           100%       N/A       0%          1
 Call Imp                 Summ           75%        N/A       0%          2
 Call Canine Familiar     Summ           75%        N/A       0%          3
 Gell's Gravitas          Tloc           80%        N/A       0%          3
 Summon Guardian Golem    Hex/Summ       63%        N/A       0%          3
 Teleport Other           Tloc           80%        N/A       0%          3
 Summon Lightning Spire   Summ/Air       74%        N/A       0%          4
 Dazzling Flash           Conj/Hex       68%        N/A       1%          3
 Mephitic Cloud           Conj/Pois/Air  42%        N/A       1%          3
 Iskenderun's Mystic Bla  Conj/Tloc      57%        2d12      1%          4
 Summon Ice Beast         Ice/Summ       53%        N/A       1%          4
 Foxfire                  Conj/Fire      76%        2x1d7     2%          1
 Summon Horrible Things   Summ           37%        N/A       2%          8
 Statue Form              Tmut/Erth      36%        N/A       3%          6
 Maxwell's Capacitive Co  Air            36%        ∞         3%          8
 Freezing Cloud           Conj/Ice/Air   21%        6-21      4%          5
 Lee's Rapid Deconstruct  Erth           9%         3d7*      54%         5
 Necromutation            Tmut/Necr      28%        N/A       77%         8
 Fire Storm               Conj/Fire      9%         8d3       100%        9
 Portal Projectile        Hex/Tloc       Unusable   N/A       N/A         3

Dungeon Overview and Level Annotations

Branches:
Dungeon (1/1)

Altars:
Cheibriados
Dithmenos
Fedhas
Gozag
Kikubaaqudgha
Makhleb
Okawaru
Qazlal
Ru
Sif Muna
Trog
Uskayaw
Vehumet
Wu Jian
Xom
Yredelemnul
Zin
The Shining One
Lugonu

Shops:
D [???*?*::::=[(*(!!!


Innate Abilities, Weirdness & Mutations

You are a lightning-filled tempest!
Your electrical attacks strike out in all directions at once.
You are incredibly evasive.
Your insubstantial body is immune to petrification, constriction, and being set on fire You are flying.
You are immune to poison.
((You have sharp claws.))
((You have razor-sharp teeth.))
You have supernaturally acute eyesight. (SInv)
((You cover ground quickly. (Speed+)))
((Your thick and shaggy fur keeps you warm. (AC +3, rC+)))
((Your paws help you pounce on unaware monsters.))
You are incapable of wielding weapons or throwing items.
You cannot wear armour.
You gain extra lives every three experience levels.
You are dopey. (Int -2)


Message History

Confirm with . or Enter, or press ? or * to list all spells.
Space momentarily warps into an impossible shape!
You barely miss the orb of fire.
The orb of fire is distracted by your dazzling golden aura.
Unknown command.
You swap places.
The orb of fire is no longer distracted by gold.
A tree reaches out and hits the orb of fire!
Your dryad calls out to the forest.
Vines fly forth from the trees!
The orb of fire emits a lurid red light.
Your dryad twists and deforms.
Casting: Manifold Assault (safe; 0% risk of failure)
Confirm with . or Enter, or press ? or * to list all spells.
Space momentarily warps into an impossible shape!
You closely miss the orb of fire.
The orb of fire emits a lurid red light.
The fireball explodes!
The fireball engulfs your black draconian knight!!!
Your black draconian knight dies!
Your black draconian knight's corpse shimmers and vanishes!
The Orb of Zot has appeared in the centre of the arena!
Victory!
Score multiplier: 6x You now have 36058 arena points (gained 2430).
Your dryad disappears in a puff of smoke!
The forest abruptly stops moving.
The vine falls limply to the ground.
Your cactus giant disappears in a puff of smoke!
You now have 11370 gold pieces (gained 1350).
You see here a +1 spectral club.
You now have 11541 gold pieces (gained 171).
Things that are here:
a +2 buckler; a +0 spear Space becomes stable.
There is a staircase leading out of the dungeon here.
You see here the Orb of Zot.
You pick up the Orb of Zot!
The Orb lets out a hideous shriek!
The lords of Pandemonium are not amused.
Beware!
Now all you have to do is get back out of the dungeon!
You have escaped!

#_...∩.)._# ###.....♣...###
#[....$...[..⌠#
######[8..♣......8.######
##._._[..[.[♣#♣....[..__∩##
###∩......[.8.# #.8[..))..♣∩###
##............$###[[.......!...##
#⌠.[.)..∩...♣♣#...#♣#......♣...⌠#
#⌠.....[).[.# #.v.# #......)...⌠#
#⌠....\....[###...###[.........⌠#
##.....*~[..)[.###.........)...##
###∩......)[8[# #.8........∩###
##∩___.|.[..###..∩....__∩##
######.8[).....∩.8.######
#⌠..)))[.[...⌠# ###)........###
#_..∩.[.._#


There were no monsters in sight!

Vanquished Creatures
  An orb of fire (D)
  3 ancient liches (D)
  A profane servitor (D)
  A tentacled monstrosity (D)
  5 Orb Guardians (D)
  A daeva (D)
  A draconian knight (D)
  4 ghost moths (D)
  3 reapers (D)
  5 vampire knights (D)
  3 vampire magi (D)
  2 sun demons (D)
  A spriggan (D)
  A soul eater (D)
  A cherub (D)
  A bog body (D)
  A wolf spider (D)
  9 ugly things (D)
  5 moths of wrath (D)
  A rust devil (D)
  20 smoke demons (D)
  Joseph (D)
  An unseen horror (D)
  A kobold demonologist (D)
  A hellion (D)
  A hellwing (D)
  2 dryads (D)
  An ice devil (D)
  9 tormentors (D)
  2 hornets (D)
  A wind drake (D)
  A raiju (shapeshifter) (D)
  A spriggan (shapeshifter) (D)
  Sigmund (D)
  2 dwarves (D)
  A centaur (D)
  A wolf (D)
  A nameless horror (D)
  An earth elemental (D)
  A jelly (D)
  Jessica (D)
101 creatures vanquished.

Vanquished Creatures (collateral kills)
  A vault guard (D)
  A seraph (D)
  An acid blob (D)
  Agnes (D)
  Geryon (D)
  3 profane servitors (D)
  An Orb Guardian (D)
  Frances (D)
  2 eldritch tentacles (D)
  3 daevas (D)
  A draconian knight (D)
  An emperor scorpion (D)
  2 iron dragons (D)
  A ghoul (D)
  3 angels (D)
  A reaper (D)
  An ironbound preserver (D)
  5 vampire knights (D)
  An anaconda (D)
  A dire elephant (D)
  An entropy weaver (shapeshifter) (D)
  An entropy weaver (D)
  A satyr (shapeshifter) (D)
  4 boulder beetles (D)
  4 vampire magi (D)
  2 hell hogs (D)
  A spriggan berserker (D)
  4 soul eaters (D)
  2 sun demons (D)
  2 sixfirhies (D)
  A cherub (D)
  A death drake (shapeshifter) (D)
  An orb spider (D)
  2 bog bodies (D)
  A wolf spider (D)
  5 ugly things (D)
  A shining eye (D)
  A guardian serpent (shapeshifter) (D)
  3 rust devils (D)
  A black mamba (shapeshifter) (D)
  6 smoke demons (D)
  A cane toad (D)
  An orange demon (D)
  A dryad (D)
  2 efreet (D)
  11 tormentors (D)
  A wind drake (D)
  A hornet (D)
  A blink frog (D)
  A slime creature (D)
  A spriggan (D)
  A yak (D)
  A jumping spider (shapeshifter) (D)
  A fire elemental (D)
  A hog (shapeshifter) (D)
  A basilisk (shapeshifter) (D)
  A steam dragon (D)
  A chaos spawn (D)
  2 floating eyes (D)
  A floating eye (shapeshifter) (D)
  2 hell hounds (D)
  16 dwarves (D)
  4 bullfrogs (D)
  3 earth elementals (D)
  5 scorpions (D)
  3 necrophages (D)
  A killer bee (D)
  3 jellies (D)
  An orc priest (D)
  An adder (D)
  2 endoplasms (D)
  A ball python (D)
  A butterfly (D)
  A snaplasher vine (D)
152 creatures vanquished.

Vanquished Creatures (others)
  Arachne (D)
  23 eldritch tentacles (D)
  27 snaplasher vines (D)
51 creatures vanquished.

Grand Total: 304 creatures vanquished

Notes
Turn   | Place    | Note
-------+----------+-------------------------------------------
     0 | D        | jt the Felid Summoner began the quest for the Orb.
     0 | D        | Reached XP level 1. HP: 7/7 MP: 4/4
     1 | D        | Found a sacrificial altar of Ru.
     2 | D        | Found an iron altar of Okawaru.
     2 | D        | Found a stormy altar of Qazlal.
     3 | D        | Found a snail-covered altar of Cheibriados.
     4 | D        | Found a burning altar of Makhleb.
     4 | D        | Found Bicudatz's Staff Store.
     4 | D        | Found Tiuv's Magic Scroll Shop.
     5 | D        | Found Toram's Must-Have Magic.
     5 | D        | Found Miqeas's Magic Scroll Shop.
     7 | D        | Found an opulent altar of Gozag.
     7 | D        | Round 1.
     9 | D        | Found a basalt altar of Yredelemnul.
    11 | D        | Found Wabi's Jewellery.
    11 | D        | Found Xioxtish's Advanced Armour.
    11 | D        | Found a hide-covered altar of Uskayaw.
    11 | D        | Found a glowing golden altar of the Shining One.
    11 | D        | Found a bloodstained altar of Trog.
    11 | D        | Found Qanudotz's Identification Station.
    15 | D        | Became a worshipper of Gozag Ym Sagoz the Greedy
    20 | D        | Bought a bound wooden ring for 45 gold pieces
    20 | D        | Identified the ring "Rilum" {EV+4 Str+4} (You bought it in
                  | a shop in the Dungeon)
    20 | D        | Bought a brightly glowing copper ring for 45 gold pieces
    20 | D        | Identified the ring of Vyigonaa {+Blink rF+ rC+ EV+4 Str-3}
                  | (You bought it in a shop in the Dungeon)
    20 | D        | Bought a bound tin amulet for 45 gold pieces
    20 | D        | Identified the amulet of Levity {rElec Regen+ Stlth+} (You
                  | bought it in a shop in the Dungeon)
    27 | D        | Found a glowing silver altar of Zin.
    28 | D        | Found a shadowy altar of Dithmenos.
    29 | D        | Found a shimmering altar of Xom.
    29 | D        | Found Kietyqegg's Premium Goods.
    30 | D        | Found Cuitwyro's Miscellaneous Merchandise.
    30 | D        | Found Dimnoguq's Basic Armour.
    31 | D        | Found a shimmering blue altar of Sif Muna.
    31 | D        | Found a radiant altar of Vehumet.
    31 | D        | Found a corrupted altar of Lugonu.
    31 | D        | Found Velar's Weapon Rack.
    36 | D        | Found an ancient bone altar of Kikubaaqudgha.
    37 | D        | Found a blossoming altar of Fedhas.
    38 | D        | Found Niuckett's Do-It-Yourself Clinic.
    38 | D        | Found an ornate altar of the Wu Jian Council.
    38 | D        | Found Fimoah's Distillery.
    39 | D        | Found Yfeuzuf's Bottled Wisdom.
    39 | D        | Found Zecum's Distillery.
    58 | D        | Reached skill level 1 in Evocations
    65 | D        | Noticed Jessica
    73 | D        | Killed Jessica
    74 | D        | Reached skill level 5 in Summonings
    74 | D        | Reached XP level 2. HP: 11/11 MP: 2/7
    76 | D        | Noticed Sigmund
    79 | D        | Killed Sigmund
    80 | D        | Reached skill level 5 in Evocations
    80 | D        | Reached XP level 3. HP: 14/14 MP: 2/12
    80 | D        | Reached XP level 4. HP: 18/18 MP: 2/13
    80 | D        | Reached XP level 5. HP: 21/21 MP: 2/15
    83 | D        | Learned a level 2 spell: Call Imp
    87 | D        | Learned a level 3 spell: Call Canine Familiar
    91 | D        | Learned a level 3 spell: Summon Guardian Golem
    96 | D        | Learned a level 4 spell: Summon Lightning Spire
   116 | D        | Bought 4 potions of curing for 84 gold pieces
   148 | D        | Arena points: 12 (+12) [x2]
   203 | D        | Round 2.
   231 | D        | Gained mutation: You are covered in thick fur. (AC +2)
                  | [Felid growth]
   231 | D        | Reached XP level 6. HP: 24/24 MP: 6/17
   258 | D        | Reached skill level 10 in Summonings
   259 | D        | Bought a glittering glass ring for 45 gold pieces
   259 | D        | Identified the ring of Idealism {rN+ Dex+4} (You bought it
                  | in a shop in the Dungeon)
   311 | D        | Arena points: 54 (+42) [x3]
   312 | D        | Reached XP level 7. HP: 27/27 MP: 5/20
   344 | D        | Bought a book of the Wilderness for 266 gold pieces
   348 | D        | Round 3.
   351 | D        | Learned a level 5 spell: Summon Mana Viper
   360 | D        | Noticed a blink frog
   371 | D        | Killed a blink frog
   372 | D        | Reached skill level 5 in Hexes
   387 | D        | Reached skill level 10 in Spellcasting
   412 | D        | Bought a potion of experience for 300 gold pieces
   412 | D        | Reached XP level 8. HP: 33/33 MP: 10/23
   446 | D        | Noticed a cane toad
   453 | D        | Killed a cane toad
   454 | D        | Reached skill level 5 in Air Magic
   454 | D        | Reached XP level 9. HP: 36/36 MP: 10/24
   490 | D        | Arena points: 138 (+84) [x4]
   503 | D        | Learned a level 5 spell: Summon Forest
   524 | D        | Round 4.
   526 | D        | Noticed an unseen horror
   532 | D        | Killed an unseen horror
   533 | D        | Reached skill level 3 in Translocations
   551 | D        | Noticed Joseph
   557 | D        | Reached skill level 4 in Translocations
   563 | D        | Noticed Edmund
   569 | D        | Killed Joseph
   570 | D        | Reached skill level 6 in Translocations
   587 | D        | Arena points: 278 (+140) [x5]
   604 | D        | Round 5.
   618 | D        | Noticed a giant anaconda
   636 | D        | Killed a giant anaconda
   636 | D        | Arena points: 523 (+245) [x7]
   637 | D        | Reached skill level 8 in Translocations
   637 | D        | Got a serpentine rune of Zot
   640 | D        | Reached skill level 5 in Dodging
   640 | D        | Reached XP level 10. HP: 40/42 MP: 14/27
   648 | D        | Learned a level 6 spell: Summon Cactus Giant
   719 | D        | Bought 3 scrolls of identify for 150 gold pieces
   744 | D        | Bought 3 potions of experience for 900 gold pieces
   745 | D        | Reached skill level 9 in Translocations
   745 | D        | Reached XP level 11. HP: 45/45 MP: 28/28
   746 | D        | Reached skill level 10 in Translocations
   746 | D        | Gained mutation: Your thick and shaggy fur keeps you warm.
                  | (AC +3, rC+) [Felid growth]
   746 | D        | Reached XP level 12. HP: 49/49 MP: 29/29
   747 | D        | Reached XP level 13. HP: 54/54 MP: 30/30
   753 | D        | Bought 6 potions of magic for 336 gold pieces
   827 | D        | Round 6.
   843 | D        | Reached skill level 11 in Translocations
   880 | D        | Noticed a ghoul
   899 | D        | Killed a ghoul
   900 | D        | Reached skill level 5 in Fighting
   919 | D        | Reached skill level 12 in Translocations
   936 | D        | Arena points: 907 (+384) [x8]
   937 | D        | Reached skill level 15 in Summonings
   954 | D        | Bought 2 potions of experience for 600 gold pieces
   955 | D        | Reached skill level 13 in Translocations
   955 | D        | Reached XP level 14. HP: 61/61 MP: 4/32
   958 | D        | Reached skill level 10 in Dodging
   958 | D        | Reached XP level 15. HP: 65/65 MP: 5/33
   989 | D        | Round 7.
  1006 | D        | Bought a clouded diamond amulet for 45 gold pieces
  1006 | D        | Identified the amulet of Adej {RegenMP rF++ Int-5 Dex+3}
                  | (You bought it in a shop in the Dungeon)
  1006 | D        | Bought a slimy lead amulet for 45 gold pieces
  1006 | D        | Identified the amulet of Fufag {rN+ Regen+ Slay+2} (You
                  | bought it in a shop in the Dungeon)
  1006 | D        | Bought a steaming zirconium amulet for 45 gold pieces
  1006 | D        | Identified the amulet of Baisam {Reflect rElec rPois Str-5
                  | SH+5 Stlth+} (You bought it in a shop in the Dungeon)
  1073 | D        | Paralysed by a floating eye for 3 turns
  1081 | D        | Paralysed by a floating eye for 2 turns
  1106 | D        | Arena points: 1411 (+504) [x9]
  1154 | D        | Bought a book of the Sky for 308 gold pieces
  1162 | D        | Round 8.
  1163 | D        | Learned a level 7 spell: Storm Form
  1180 | D        | Bought a potion of experience for 300 gold pieces
  1180 | D        | Reached XP level 16. HP: 70/70 MP: 16/35
  1275 | D        | Reached XP level 17. HP: 73/73 MP: 27/36
  1300 | D        | Arena points: 2131 (+720) [x10]
  1367 | D        | Round 9.
  1468 | D        | Arena points: 3220 (+1089) [x11]
  1521 | D        | Bought 3 potions of experience for 900 gold pieces
  1522 | D        | Reached skill level 5 in Transmutations
  1522 | D        | Reached XP level 18. HP: 78/78 MP: 32/37
  1523 | D        | Reached XP level 19. HP: 82/82 MP: 33/38
  1524 | D        | Reached skill level 10 in Air Magic
  1524 | D        | Reached XP level 20. HP: 87/87 MP: 33/39
  1538 | D        | Round 10.
  1549 | D        | Noticed Arachne
  1559 | D        | Killed Arachne
  1559 | D        | Arena points: 4520 (+1300) [x13]
  1560 | D        | Reached skill level 10 in Fighting
  1560 | D        | Got a gossamer rune of Zot
  1561 | D        | Reached skill level 15 in Spellcasting
  1561 | D        | Reached XP level 21. HP: 91/91 MP: 22/41
  1584 | D        | Bought a coiled pewter ring for 45 gold pieces
  1584 | D        | Identified the ring "Uciyppur" {Fly rElec rCorr EV+4 Str-5
                  | Slay-2} (You bought it in a shop in the Dungeon)
  1584 | D        | Bought a shimmering brass ring for 45 gold pieces
  1584 | D        | Identified the ring of Tipel {rF+ rCorr Int+2} (You bought
                  | it in a shop in the Dungeon)
  1584 | D        | Bought a shimmering marble ring for 45 gold pieces
  1584 | D        | Identified the ring of the Fool {+Blink rElec Int-3 SInv}
                  | (You bought it in a shop in the Dungeon)
  1584 | D        | Bought a transparent lapis lazuli ring for 45 gold pieces
  1584 | D        | Identified the ring "Kusinto Unul" {+Blink Fly rN+ EV+4
                  | Str-3} (You bought it in a shop in the Dungeon)
  1584 | D        | Bought a scorched granite ring for 45 gold pieces
  1584 | D        | Identified the ring of Dyschox {+Blink Fly rCorr Dex+4}
                  | (You bought it in a shop in the Dungeon)
  1584 | D        | Bought a shimmering jade ring for 45 gold pieces
  1584 | D        | Identified the ring of False Hope {Will+ rCorr SInv} (You
                  | bought it in a shop in the Dungeon)
  1584 | D        | Bought a shimmering iron ring for 45 gold pieces
  1584 | D        | Identified the ring of Vomnot {rF+ Str+5} (You bought it in
                  | a shop in the Dungeon)
  1584 | D        | Bought a shimmering marble ring for 45 gold pieces
  1584 | D        | Identified the ring "Satwith" {rPois rC- Str+6 Int+4 Dex+3}
                  | (You bought it in a shop in the Dungeon)
  1584 | D        | Bought a wavering tin ring for 45 gold pieces
  1584 | D        | Identified the ring of Pride {rF+ Dex+5} (You bought it in
                  | a shop in the Dungeon)
  1584 | D        | Bought a warped platinum ring for 45 gold pieces
  1584 | D        | Identified the ring of Ototav {Fire Dex+6} (You bought it
                  | in a shop in the Dungeon)
  1645 | D        | Bought a quad damage for 400 gold pieces
  1646 | D        | Bought a potion of heal wounds for 75 gold pieces
  1671 | D        | Bought a potion of invisibility for 56 gold pieces
  1671 | D        | Bought a potion of degeneration for 7 gold pieces
  1671 | D        | Bought a potion of mutation for 56 gold pieces
  1671 | D        | Bought 6 potions of attraction for 126 gold pieces
  1674 | D        | Bought 6 potions of brilliance for 168 gold pieces
  1699 | D        | Bought 5 scrolls of amnesia for 200 gold pieces
  1707 | D        | Bought 5 scrolls of amnesia for 200 gold pieces
  1757 | D        | Round 11.
  1833 | D        | Reached skill level 10 in Evocations
  1834 | D        | Arena points: 5906 (+1386) [x14]
  1864 | D        | Bought a Grand Grimoire for 238 gold pieces
  1884 | D        | Bought 3 potions of heal wounds for 105 gold pieces
  1884 | D        | Bought 3 potions of heal wounds for 105 gold pieces
  1889 | D        | Round 12.
  1928 | D        | Reached skill level 10 in Transmutations
  2054 | D        | Arena points: 8066 (+2160) [x15]
  2070 | D        | Learned a level 7 spell: Malign Gateway
  2089 | D        | Bought a scroll labelled SORRUY TUKKE for 30 gold pieces
  2089 | D        | Bought a wand of quicksilver (5) for 630 gold pieces
  2089 | D        | Bought a warped marble ring for 150 gold pieces
  2089 | D        | Identified the ring "Zoyfu" {Str+2 Dex+3 Slay+4} (You
                  | bought it in a shop in the Dungeon)
  2089 | D        | Bought a twisted bone wand for 120 gold pieces
  2089 | D        | Bought a scroll labelled UMALIYNIHO for 30 gold pieces
  2107 | D        | Bought a scroll of identify for 20 gold pieces
  2110 | D        | Round 13.
  2219 | D        | Arena points: 10562 (+2496) [x16]
  2245 | D        | Bought 6 potions of might for 168 gold pieces
  2245 | D        | Bought 5 potions of haste for 350 gold pieces
  2253 | D        | Bought 6 potions of resistance for 420 gold pieces
  2277 | D        | Round 14.
  2277 | D        | Noticed Frances
  2289 | D        | Killed Frances
  2313 | D        | Arena points: 13656 (+3094) [x17]
  2363 | D        | Bought a There-And-Back Book for 330 gold pieces
  2370 | D        | Learned a level 6 spell: Dispersal
  2375 | D        | Round 15.
  2395 | D        | Noticed Agnes
  2403 | D        | Killed Agnes
  2403 | D        | Arena points: 16791 (+3135) [x19]
  2404 | D        | Got the Almanac of Stoicism
  2404 | D        | Got a mossy rune of Zot
  2571 | D        | Round 16.
  2649 | D        | Reached skill level 5 in Unarmed Combat
  2669 | D        | Reached skill level 15 in Transmutations
  2693 | D        | Reached skill level 15 in Air Magic
  2705 | D        | Arena points: 20951 (+4160) [x20]
  2749 | D        | Round 17.
  2934 | D        | Arena points: 21155 (+204) [x1]
  2949 | D        | Round 18.
  2991 | D        | Reached skill level 14 in Translocations
  3077 | D        | Arena points: 21695 (+540) [x2]
  3132 | D        | Round 19.
  3139 | D        | Reached skill level 15 in Translocations
  3169 | D        | Bought 3 potions of heal wounds for 105 gold pieces
  3169 | D        | Bought 3 potions of heal wounds for 105 gold pieces
  3169 | D        | Bought 3 potions of heal wounds for 105 gold pieces
  3169 | D        | Bought 3 potions of heal wounds for 105 gold pieces
  3169 | D        | Bought 3 potions of heal wounds for 105 gold pieces
  3174 | D        | Noticed Geryon
  3179 | D        | Reached skill level 16 in Translocations
  3179 | D        | Reached XP level 22. HP: 53/95 MP: 37/46
  3203 | D        | Killed Geryon
  3204 | D        | Reached skill level 10 in Unarmed Combat
  3206 | D        | Arena points: 22550 (+855) [x3]
  3237 | D        | Round 20.
  3268 | D        | Arena points: 23750 (+1200) [x5]
  3269 | D        | Reached skill level 17 in Translocations
  3269 | D        | Got the Vellum of Sculpting and Bolts
  3269 | D        | Got a slimy rune of Zot
  3270 | D        | Reached skill level 1 in Necromancy
  3270 | D        | Reached XP level 23. HP: 71/99 MP: 25/47
  3279 | D        | Bought the Vademecum on the Unstable Arsonist for 720 gold
                  | pieces
  3279 | D        | Bought a manual of Evocations for 1200 gold pieces
  3285 | D        | Learned a level 4 spell: Manifold Assault
  3440 | D        | Round 21.
  3534 | D        | Reached skill level 18 in Translocations
  3570 | D        | Arena points: 26018 (+2268) [x6]
  3603 | D        | Bought a book of Beasts for 570 gold pieces
  3612 | D        | Learned a level 7 spell: Monstrous Menagerie
  3624 | D        | Round 22.
  3665 | D        | Reached skill level 19 in Translocations
  3683 | D        | Arena points: 28328 (+2310) [x7]
  3694 | D        | Bought a quad damage for 400 gold pieces
  3694 | D        | Bought a quad damage for 400 gold pieces
  3695 | D        | Bought a potion of curing for 45 gold pieces
  3695 | D        | Bought 2 potions of haste for 300 gold pieces
  3714 | D        | Bought 3 potions of heal wounds for 105 gold pieces
  3714 | D        | Bought 3 potions of heal wounds for 105 gold pieces
  3714 | D        | Bought 3 potions of heal wounds for 105 gold pieces
  3716 | D        | Round 23.
  3721 | D        | Bought 5 potions of haste for 350 gold pieces
  3776 | D        | Reached skill level 15 in Evocations
  3869 | D        | Arena points: 28650 (+322) [x1]
  3885 | D        | Round 24.
  3906 | D        | Reached skill level 20 in Translocations
  3999 | D        | HP: 4/99 [??? (2)]
  4077 | D        | Arena points: 29658 (+1008) [x2]
  4112 | D        | Round 25.
  4158 | D        | Arena points: 31158 (+1500) [x4]
  4159 | D        | Reached skill level 21 in Translocations
  4159 | D        | Got a silver rune of Zot
  4160 | D        | Reached XP level 24. HP: 98/103 MP: 15/49
  4193 | D        | Learned a level 4 spell: Passage of Golubria
  4355 | D        | Round 26.
  4438 | D        | Noticed a seraph
  4445 | D        | Reached skill level 22 in Translocations
  4461 | D        | HP: 2/104 [profane servitor/+1 whip (9)]
  4461 | D        | Slain by a profane servitor
  4462 | D        | Reached XP level 23. HP: -1/100 MP: 40/49
  4463 | D        | Identified the +5 tower shield of Chimes {rPois rF+}
  4470 | D        | Reached skill level 15 in Unarmed Combat
  4471 | D        | Killed a seraph
  4472 | D        | Reached skill level 10 in Stealth
  4472 | D        | Reached XP level 24. HP: 59/105 MP: 34/49
  4486 | D        | Arena points: 33628 (+2470) [x5]
  4501 | D        | Bought 3 potions of heal wounds for 105 gold pieces
  4501 | D        | Bought 3 potions of heal wounds for 105 gold pieces
  4516 | D        | Bought a potion of heal wounds for 100 gold pieces
  4516 | D        | Bought 5 potions of heal wounds for 500 gold pieces
  4516 | D        | Bought 5 potions of heal wounds for 500 gold pieces
  4564 | D        | Bought a scroll of amnesia for 72 gold pieces
  4564 | D        | Bought a scroll of blinking for 135 gold pieces
  4564 | D        | Bought a scroll of blinking for 135 gold pieces
  4564 | D        | Bought a scroll of poison for 72 gold pieces
  4564 | D        | Bought a scroll of vulnerability for 72 gold pieces
  4564 | D        | Bought a scroll of vulnerability for 72 gold pieces
  4572 | D        | Round 27.
  4574 | D        | Noticed an ancient lich
  4581 | D        | Killed an ancient lich
  4582 | D        | Reached skill level 23 in Translocations
  4633 | D        | Noticed an ancient lich
  4649 | D        | Noticed an ancient lich
  4653 | D        | Killed an ancient lich
  4675 | D        | Killed an ancient lich
  4691 | D        | Noticed an orb of fire
  4702 | D        | Gained mutation: You are dopey. (Int -2) [an orb of fire]
  4707 | D        | Killed an orb of fire
  4708 | D        | Reached skill level 24 in Translocations
  4722 | D        | Noticed an orb of fire
  4733 | D        | Arena points: 36058 (+2430) [x6]
  4745 | D        | Got the Orb of Zot
  4747 | D        | Escaped with the Orb!

Illustrated notes

Levels and vault maps discovered:
D:        arena_sprint

Skill      XL: |  1  2  3  4  5  6  7  8  9 10 11 12 13 14 15 16 17 18 19 20 21 22 23 24 |
---------------+-------------------------------------------------------------------------+-----
Evocations     | 3 5 6 7 9 10 11 15 | 15.4
Spellcasting   | 3 6 7 9 10 12 13 14 15 19 21 22 | 22.6
Summonings     | 5 8 9 10 11 12 13 14 15 16 17 20 21 | 21.2
Hexes          | 3 4 7 8 9 |  9.1
Air Magic      | 4 5 7 8 9 10 16 18 20 | 20.3
Fighting       | 2 3 4 7 8 9 10 11 13 | 13.5
Dodging        | 4 5 6 7 9 10 11 | 11.3
Unarmed Combat | 2 9 10 15 16 | 16.8
Translocations | 8 9 10 13 16 17 21 24 | 24.3
Transmutations | 4 5 6 8 17 20 22 | 22.2
Necromancy     | 1 |  1.3
Stealth        | 10 14 | 14.3

Action                   |  1- 3 |  4- 6 |  7- 9 | 10-12 | 13-15 | 16-18 | 19-21 | 22-24 || total
-------------------------+-------+-------+-------+-------+-------+-------+-------+-------++-------
Melee: Unarmed           |       |     1 |     5 |       |    10 |    12 |   151 |   246 ||   425
       Punch             |       |       |       |       |     1 |       |    13 |    20 ||    34
       Bite              |       |       |       |       |       |     2 |    11 |       ||    13
 Cast: Summon Small Mamm |     4 |     4 |     2 |       |     2 |       |       |       ||    12
       Call Canine Famil |       |     4 |     5 |       |     4 |     2 |       |       ||    15
       Call Imp          |       |     2 |     2 |       |       |     1 |       |       ||     5
       Summon Guardian G |       |     1 |     1 |       |       |       |     3 |       ||     5
       Summon Lightning  |       |     1 |     3 |       |       |       |     4 |       ||     8
       Summon Mana Viper |       |       |     4 |       |     1 |     1 |     6 |     3 ||    15
       Summon Forest     |       |       |     2 |       |     6 |     6 |    24 |    22 ||    60
       Summon Cactus Gia |       |       |       |       |     6 |     1 |    19 |    19 ||    45
       Malign Gateway    |       |       |       |       |       |       |    11 |    17 ||    28
       Storm Form        |       |       |       |       |       |       |    10 |    16 ||    26
       Manifold Assault  |       |       |       |       |       |       |       |    53 ||    53
       Monstrous Menager |       |       |       |       |       |       |       |     9 ||     9
Invok: Call Merchant     |       |       |       |       |       |       |     4 |     2 ||     6
 Abil: Evoke Blink       |     1 |     2 |     1 |       |     1 |       |     2 |     3 ||    10
       Blinkbolt         |       |       |       |       |       |       |    14 |    20 ||    34
Evoke: Wand              |     3 |     1 |     6 |       |       |       |     2 |     2 ||    14
       Phantom mirror    |       |       |       |       |       |       |       |     4 ||     4
       Quad damage       |       |       |       |       |       |       |       |     2 ||     2
  Use: Potion            |       |     1 |     5 |     3 |     3 |     2 |    14 |    44 ||    72
       Scroll            |       |       |     1 |     2 |       |       |     5 |     2 ||    10
 Stab: Distracted        |       |       |     1 |       |       |       |     2 |     9 ||    12
       Confused          |       |       |       |       |       |     5 |       |       ||     5
       Invisible         |       |       |       |       |       |       |       |     3 ||     3
       Paralysed         |       |       |       |       |       |       |       |     3 ||     3
Armor: Skin              |       |       |       |       |       |       |    15 |    28 ||    43
Dodge: Dodged            |       |     2 |    19 |       |     6 |     5 |   160 |   258 ||   450

Table legend: (Time is in decaauts)
 A = Elapsed time spent in this place.
 B = Non-inter-level travel time spent in this place.
 C = Inter-level travel time spent in this place.
 D = Time resting spent in this place.
 E = Time spent auto-exploring this place.
 F = Levels seen in this place.
 G = Mean time per level.
                   A        B        C        D        E       F      G
               +--------+--------+--------+--------+--------+-----+--------+
         Total |   4236 |   4206 |     30 |    600 |    195 |   1 | 4236.0 |
       Dungeon |   4236 |   4206 |     30 |    600 |    195 |   1 | 4236.0 |
               +--------+--------+--------+--------+--------+-----+--------+

Top non-repeatable levels by time:
       D: 4236 daAuts
